 Dungeon Crawl Stone Soup version 0.17-a0-1714-g35622ae (webtiles) character file.

167223 kae the Minotaur Blade (level 17, -4/149 HPs)
             Began as a Minotaur Fighter on Aug 23, 2015.
             Was the Champion of Qazlal.
             Killed from afar by a raiju (13 damage)
             ... with a living lightning
             ... on level 1 of the Abyss.
             The game lasted 01:03:17 (30161 turns).

kae the Minotaur Blade (Minotaur Fighter)          Turns: 30161, Time: 01:03:18

Health: -4/149     AC: 19    Str: 27    XL:     17   Next: 31%
Magic:  22/23      EV: 12    Int: 11    God:    Qazlal [******]
Gold:   1486       SH: 19    Dex: 16    Spells: 0 memorised, 16 levels left

rFire  . . .     SeeInvis +     S - +8 scimitar of Utokhat {flame, Dex+2}
rCold  + + .     Clarity  .     A - +8 scale mail of Reason {MR+ Dex+2}
rNeg   . . .     SustAt   .     D - +1 shield "Powagg" {rC+ Regen+ Int+4}
rPois  .         Gourm    .     (helmet restricted)
rElec  .         Spirit   .     (no cloak)
rCorr  +         Warding  .     r - +0 pair of gloves
rMut   .         Stasis   .     C - +2 pair of boots {Fly}
MR     ++++.                    b - amulet "Diexot" {rCorr rC+ MR++ SInv}
Stlth  ..........               X - +4 ring of evasion
                                M - +3 ring of dexterity

@: flying, repel missiles, incredibly resistant to hostile enchantments,
extremely unstealthy
A: retaliatory headbutt, horns 2, deformed body
a: Upheaval, Elemental Force, Disaster Area, Renounce Religion, Stop Flying


You were on level 1 of the Abyss.
You worshipped Qazlal.
Qazlal was exalted by your worship.
You were near starving.

You visited 5 branches of the dungeon, and saw 28 of its levels.
You visited the Abyss 1 time.
You also visited: Wizlab.

You collected 3080 gold pieces.
You spent 1594 gold pieces at shops.

Inventory:

Hand weapons
 O - a +4 triple sword of venom
 S - the +8 scimitar of Utokhat (weapon) {flame, Dex+2}
   (You found it on level 1 of the Lair of Beasts)

   It has been specially enchanted to burn those struck by it, causing extra
   injury to most foes and up to half again as much damage against particularly
   susceptible opponents.
   Big, fiery blades are also staple armaments of hydra-hunters.
   It affects your dexterity (+2).
Missiles
 w - 4 throwing nets (quivered)
Armour
 g - the +4 ring mail of Virocoh {rF+, unknown}
   (You found it on level 1 of the Abyss)

   It protects you from fire.
 r - a +0 pair of gloves (worn)
 A - the +8 scale mail of Reason (worn) {MR+ Dex+2}
   (You bought it in a shop on level 4 of the Orcish Mines)

   It affects your dexterity (+2).
   It affects your resistance to hostile enchantments.
 C - a +2 pair of boots of flying (worn)
 D - the +1 shield "Powagg" (worn) {rC+ Regen+ Int+4}
   (You found it on level 7 of the Dungeon)

   It affects your intelligence (+4).
   It protects you from cold.
   It increases your rate of regeneration.
Jewellery
 b - the amulet "Diexot" (around neck) {rCorr rC+ MR++ SInv}
   (You bought it in a shop on level 9 of the Dungeon)

   [amulet of resist corrosion]

   It protects you from acid and corrosion.
   It protects you from cold.
   It affects your resistance to hostile enchantments.
   It lets you see invisible.
 e - an uncursed ring of protection from cold
 f - an uncursed ring of protection from fire
 y - the amulet "Ufailuffi" {+Rage rPois Int+3}
   (You found it on level 8 of the Lair of Beasts)

   [amulet of rage]

   It affects your intelligence (+3).
   It protects you from poison.
   It lets you go berserk.
 M - a +3 ring of dexterity (left hand)
 X - a +4 ring of evasion (right hand)
Magical devices
 G - a wand of teleportation (5)
 K - a wand of heal wounds (8)
Scrolls
 a - a scroll of recharging
 c - 4 scrolls of identify
 d - a scroll of enchant armour
 j - 8 scrolls of remove curse
 u - 3 scrolls of fear
 v - a scroll of silence
 x - 5 scrolls of teleportation
 Q - a scroll of fog
Potions
 k - 3 potions of lignification
 l - a potion of cancellation
 n - 8 potions of haste
 E - a potion of curing
 F - 3 potions of invisibility
 J - 5 potions of resistance
 L - a potion of might
 R - 2 potions of magic
Comestibles
 h - 57 fruits
 s - a royal jelly


   Skills:
 - Level 13.0 Fighting
 + Level 26.6 Long Blades
 - Level 13.0 Armour
 - Level 3.6 Shields
 - Level 10.1 Invocations


You had 16 spell levels left.
You didn't know any spells.

Dungeon Overview and Level Annotations

Branches:
Dungeon (13/15)            Temple (1/1) D:7            Lair (8/8) D:8
  Swamp (0/4) Lair:5       Spider (0/4) Lair:5        Slime (0/6) Lair:7
    Orc (4/4) D:12            Elf (2/3) Orc:3        Vaults (0/5) D:13

Altars:
Ashenzari
Dithmenos
Elyvilon
Gozag
Kikubaaqudgha
Makhleb
Qazlal
Ru
Sif Muna
Trog
Xom
Yredelemnul
Beogh

Shops:
D:5 *   D:6 [   D:9 !=?*}   D:11 [   D:12 *   Orc:1 ?   Orc:3 *   Orc:4 (*[:
Elf:1 }


Innate Abilities, Weirdness & Mutations

You reflexively headbutt those who attack you in melee.
You have a pair of horns on your head.
Armour fits poorly on your strangely shaped body.


Message History

The living lightning hits you!
* * * LOW HITPOINT WARNING * * *
The raiju blinks!
You block the raiju's attack.
A raiju comes into view.
You slash the raiju! You burn the raiju.
The raiju is moderately wounded.
You hear a chilling moan.
You block the raiju's attack.
Unknown command.
Your shield prevents you from hitting the raiju.
The raiju is moderately wounded.
You are near starving!
You block the raiju's attack.
The raiju bursts into living lightning!
The living lightning hits the raiju.
The raiju completely resists.
The living lightning hits you!
* * * LOW HITPOINT WARNING * * *
The living lightning hits you!
You die...

# .# . ..
# # #h#
.. . #.#
#.####...
.# ..
#..#..##
. .))h.
).# #h##
# # ###@#
.# .
#....§#
.#
##.##...#
. .
#.##.###
. .##.§##
#. . #
##. .# #


You could see 2 raiju.

Vanquished Creatures
  Saint Roka (Orc:3)
  A Cloud Mage (WizLab)
  4 tentacled starspawn (Abyss:1)
  Donald (Orc:3)
  Maud (Lair:3)
  Aizul (Elf:1)
  A deep elf sorcerer (Elf:1)
  A balrug (Abyss:1)
  A cacodemon (Abyss:1)
  The ghost of kae the Fencer, a powerful MiFi of Qazlal (Lair:6)
  2 very ugly things (Abyss:1)
  Snorg (Lair:7)
  A deep elf death mage (Elf:1)
  18 small abominations
  6 hydras
  Erolcha (D:10)
  2 naga warriors (Abyss:1)
  A catoblepas (Lair:8)
  2 centaur warriors
  A tengu warrior (D:13)
  A deep troll shaman (Lair:8)
  6 death yaks (Lair:8)
  An orc high priest (Orc:3)
  Urug (D:10)
  2 thrashing horrors (Abyss:1)
  Sonja (Lair:3)
  A soul eater (Abyss:1)
  A wizard (D:13)
  3 sun demons (Abyss:1)
  7 deep elf knights (Elf:1)
  2 unseen horrors
  An ice devil (Abyss:1)
  A deep troll (D:13)
  16 starcursed masses (Abyss:1)
  A death drake (shapeshifter) (D:13)
  A lindwurm (D:13)
  A hill giant (D:10)
  9 orc knights
  6 deep elf conjurers (Elf:1)
  2 necromancers
  4 deep elf summoners (Elf:1)
  A mana viper (Abyss:1)
  2 sixfirhies (Abyss:1)
  3 cyclopes
  2 griffons
  3 orc sorcerers
  An ugly thing (Abyss:1)
  A manticore (shapeshifter) (D:13)
  21 elephants
  A worldbinder (Abyss:1)
  7 black mambas
  A guardian serpent (Abyss:1)
  2 orange demons (Abyss:1)
  Joseph (D:10)
  An apocalypse crab (Abyss:1)
  2 gargoyles
  14 spiny frogs
  3 smoke demons (Abyss:1)
  4 fire drakes
  7 komodo dragons
  A freezing wraith (Abyss:1)
  A tormentor (Abyss:1)
  2 ancient zymes (Abyss:1)
  6 deep elf priests (Elf:1)
  4 trolls
  A queen bee (D:11)
  A troll (shapeshifter) (Elf:1)
  A wind drake (shapeshifter) (Elf:1)
  3 polar bears
  7 wind drakes (WizLab)
  A two-headed ogre (D:10)
  21 blink frogs
  A raiju (Abyss:1)
  3 slime creatures
  11 deep elf magi
  The ghost of cireshan the Conjurer, an average DECj (D:7)
  3 shadows
  61 yaks
  2 fire bats (Lair:2)
  A trapdoor spider (D:12)
  2 wyverns
  2 ynoxinuls (Abyss:1)
  2 wraiths
  2 neqoxecs (Abyss:1)
  3 basilisks
  15 hippogriffs
  2 chaos spawn (Abyss:1)
  39 air elementals (WizLab)
  2 steam dragons
  A vampire mosquito (D:10)
  9 deep elf fighters (Elf:1)
  Edmund (D:6)
  11 insubstantial wisps
  6 wolves (Lair:8)
  3 nagas (Abyss:1)
  15 water moccasins
  A warg (Orc:4)
  34 orc warriors
  12 porcupines
  An ice beast (D:10)
  6 sky beasts
  9 spiders (Lair:5)
  11 phantoms
  2 necrophages
  12 ogres
  5 black bears
  4 big kobolds
  14 crocodiles
  6 centaurs
  5 large abominations (Abyss:1)
  31 giant frogs
  4 scorpions
  A swamp dragon simulacrum (Abyss:1)
  33 killer bees
  8 wights
  3 centaur zombies
  7 crimson imps (D:12)
  6 jellies
  2 giant frog zombies
  25 orc wizards
  7 centaur skeletons
  2 quasits
  2 basilisk zombies (Lair:5)
  29 orc priests
  5 hounds
  2 iron imps (Abyss:1)
  10 iguanas
  A wolf simulacrum (Lair:7)
  8 worker ants
  2 polar bear simulacra (Lair:7)
  13 sheep
  4 yak simulacra (Lair:7)
  A crocodile zombie (Lair:5)
  A hound zombie (D:10)
  4 hound skeletons
  17 adders
  21 gnolls
  53 river rats
  3 shadow imps
  2 white imps (D:12)
  2 ufetubi (Abyss:1)
  An ooze (D:1)
  4 adder zombies
  5 worms
  10 giant geckos
  163 orcs
  A ball python (D:2)
  8 hobgoblins
  7 jackals
  13 kobolds
  7 bats
  4 giant cockroaches
  A giant gecko zombie (D:7)
  3 giant newts
  7 goblins
  9 quokkas
  A quokka skeleton (D:4)
  7 rats
  4 river rat simulacra (Lair:7)
  A bush (Lair:1)
  A butterfly (Lair:7)
  4 crawling corpses (Elf:1)
  53 fungi
  39 plants
  3 starspawn tentacles (Abyss:1)
1227 creatures vanquished.

Vanquished Creatures (collateral kills)
  An orc priest (Orc:4)
  2 orcs (Orc:4)
3 creatures vanquished.

Vanquished Creatures (others)
  A deep elf conjurer (Elf:1)
  23 fungi
  5 plants
  9 starspawn tentacles (Abyss:1)
  47 starspawn tentacle segments (Abyss:1)
85 creatures vanquished.

Grand Total: 1315 creatures vanquished

Notes
Turn   | Place    | Note
--------------------------------------------------------------
     0 | D:1      | kae the Minotaur Fighter began the quest for the Orb.
     0 | D:1      | Reached XP level 1. HP: 19/19 MP: 0/0
    89 | D:1      | Reached XP level 2. HP: 17/26 MP: 1/1
   612 | D:1      | Reached skill level 4 in Long Blades
   767 | D:2      | Reached XP level 3. HP: 22/31 MP: 2/2
  1203 | D:2      | Reached skill level 5 in Long Blades
  1219 | D:2      | Reached XP level 4. HP: 33/39 MP: 3/3
  1575 | D:3      | Noticed an ogre
  1581 | D:3      | Killed an ogre
  1581 | D:3      | Reached skill level 6 in Long Blades
  1581 | D:3      | Reached XP level 5. HP: 17/45 MP: 4/4
  1989 | D:3      | Reached skill level 7 in Long Blades
  2296 | D:3      | Found an ancient bone altar of Kikubaaqudgha.
  2299 | D:3      | Found a basalt altar of Yredelemnul.
  2356 | D:3      | Reached XP level 6. HP: 32/51 MP: 5/5
  3070 | D:4      | Reached skill level 8 in Long Blades
  3554 | D:4      | Reached skill level 9 in Long Blades
  3562 | D:4      | Reached XP level 7. HP: 44/57 MP: 6/6
  4004 | D:5      | Entered Level 5 of the Dungeon
  4110 | D:5      | Found Kizeffidgh's Assorted Antiques.
  4303 | D:5      | Reached skill level 10 in Long Blades
  4375 | D:5      | Bought a silvery potion for 20 gold pieces
  4375 | D:5      | Bought a pair of embroidered boots for 103 gold pieces
  4375 | D:5      | Bought a scroll labeled WYWUAT UWYIP for 23 gold pieces
  4375 | D:5      | Bought 2 brown potions for 41 gold pieces
  4901 | D:5      | Reached skill level 11 in Long Blades
  4921 | D:5      | Reached XP level 8. HP: 58/64 MP: 7/7
  5029 | D:6      | Found Upsesk's Antique Armour Shoppe.
  5100 | D:6      | Noticed Edmund
  5111 | D:6      | Killed Edmund
  5364 | D:6      | Reached skill level 12 in Long Blades
  5939 | D:6      | Reached skill level 13 in Long Blades
  5958 | D:6      | HP: 3/64 [poisoned by a water moccasin]
  6504 | D:6      | Found a white marble altar of Elyvilon.
  6504 | D:6      | Found a shimmering altar of Xom.
  6681 | D:7      | Reached XP level 9. HP: 70/70 MP: 8/8
  7051 | D:7      | Found a staircase to the Ecumenical Temple.
  7064 | Temple   | Entered the Ecumenical Temple
  7070 | Temple   | Became a worshipper of Qazlal Stormbringer
  7097 | D:7      | Reached skill level 14 in Long Blades
  7290 | D:7      | Noticed cireshan's ghost (average DECj)
  7318 | D:7      | Killed cireshan's ghost
  7564 | D:7      | Found a basalt altar of Yredelemnul.
  7882 | D:7      | Acquired Qazlal's first power
  8013 | D:7      | Reached skill level 5 in Armour
  8111 | D:7      | Reached skill level 5 in Fighting
  8114 | D:7      | Got a shimmering shield
  8130 | D:7      | Identified the +1 shield "Powagg" {rC+ Regen+ Int+4} (You found it on level 7 of the Dungeon)
  9180 | D:8      | Reached XP level 10. HP: 75/84 MP: 9/9
  9225 | D:8      | Acquired Qazlal's second power
  9449 | D:8      | Noticed a gargoyle
  9463 | D:8      | Killed a gargoyle
  9499 | D:8      | Killed an unseen horror
  9649 | D:8      | Identified the Compendium of Transmutation
  9670 | D:8      | Found a sacrificial altar of Ru.
  9845 | D:8      | Found a staircase to the Lair.
  9870 | D:8      | Noticed an elephant
  9884 | D:8      | Killed an elephant
 10097 | D:9      | Found Jeulaohisa's General Store.
 10311 | D:9      | Found Buucsanelu's Gadget Shoppe.
 10414 | D:9      | Found Enky's Magic Scroll Shop.
 10417 | D:9      | Bought a scroll of fog for 26 gold pieces
 10646 | D:9      | Found Xeimio's Distillery.
 10651 | D:9      | Bought a potion of curing for 36 gold pieces
 10651 | D:9      | Bought a potion of poison for 12 gold pieces
 10651 | D:9      | Bought a potion of brilliance for 48 gold pieces
 10706 | D:9      | Found Gyhelaegge's Jewellery Shoppe.
 10730 | D:9      | Acquired Qazlal's third power
 10730 | D:9      | Reached skill level 10 in Armour
 10754 | D:9      | Reached skill level 10 in Fighting
 10875 | D:9      | Found a deep blue altar of Sif Muna.
 10875 | D:9      | Found a bloodstained altar of Trog.
 10909 | D:10     | Entered Level 10 of the Dungeon
 11021 | D:10     | Noticed Erolcha
 11027 | D:10     | Noticed an orc knight
 11028 | D:10     | Reached XP level 11. HP: 100/100 MP: 10/10
 11037 | D:10     | Killed Erolcha
 11062 | D:10     | Killed an orc knight
 11176 | D:10     | Noticed Joseph
 11199 | D:10     | Killed Joseph
 11302 | D:10     | Killed an unseen horror
 11458 | D:10     | Noticed Urug
 11470 | D:10     | Killed Urug
 11478 | D:10     | Acquired Qazlal's fourth power
 11496 | D:10     | Noticed a hill giant
 11499 | D:10     | You are sucked into a shaft for 3 floors!
 11836 | D:13     | Noticed a centaur warrior
 11845 | D:13     | Killed a centaur warrior
 12056 | D:13     | Noticed a lindwurm
 12064 | D:13     | Killed a lindwurm
 12087 | D:13     | Noticed a deep troll
 12096 | D:13     | Killed a deep troll
 12101 | D:13     | Noticed a wizard
 12122 | D:13     | Killed a wizard
 12122 | D:13     | Reached XP level 12. HP: 85/115 MP: 11/11
 12138 | D:13     | Reached skill level 1 in Invocations
 12167 | D:13     | Acquired Qazlal's fifth power
 12272 | D:12     | Noticed a six-headed hydra
 12280 | D:12     | Killed an eight-headed hydra
 12367 | D:12     | Found a staircase to the Orcish Mines.
 12415 | D:12     | Reached skill level 5 in Invocations
 12605 | D:12     | Found Efran's Assorted Antiques.
 12704 | D:11     | Found a burning altar of Makhleb.
 12783 | D:10     | Killed a hill giant
 13522 | D:11     | Found Muumuset's Antique Armour Emporium.
 13790 | D:11     | Noticed a centaur warrior
 13801 | D:11     | Killed a centaur warrior
 14043 | D:11     | Found a shadowy altar of Dithmenos.
 14889 | D:13     | Noticed a tengu warrior
 14906 | D:13     | Killed a tengu warrior
 14906 | D:13     | Reached skill level 10 in Invocations
 15100 | D:13     | Reached skill level 16 in Long Blades
 15100 | D:13     | Reached XP level 13. HP: 122/122 MP: 19/19
 15141 | D:13     | Got a pair of ancient boots
 15152 | D:13     | Identified the +2 pair of boots of Honesty {rC+ MP+9} (You found it on level 13 of the Dungeon)
 15236 | D:13     | Found a gate to the Vaults.
 15658 | Lair:1   | Entered Level 1 of the Lair of Beasts
 15740 | Lair:1   | Reached XP level 14. HP: 125/129 MP: 20/20
 16047 | Lair:1   | Reached skill level 17 in Long Blades
 16137 | Lair:1   | Got a bloodstained scimitar
 16206 | Lair:1   | Identified the +8 scimitar of Utokhat {flame, Dex+2} (You found it on level 1 of the Lair of Beasts)
 16969 | Lair:2   | Reached skill level 18 in Long Blades
 17690 | Lair:3   | Noticed Maud
 17697 | Lair:3   | Killed Maud
 17805 | Lair:3   | Noticed Sonja
 17817 | Lair:3   | Killed Sonja
 19085 | Lair:5   | Reached skill level 19 in Long Blades
 19492 | Lair:5   | Found a hole to the Spider Nest.
 19569 | Lair:5   | Found a staircase to the Swamp.
 19641 | Lair:5   | Identified a scroll of acquirement
 19943 | Lair:6   | Noticed kae's ghost (powerful MiFi)
 19964 | Lair:6   | Killed kae's ghost
 20099 | Lair:6   | Reached skill level 20 in Long Blades
 21260 | Lair:7   | Reached XP level 15. HP: 123/135 MP: 21/21
 21416 | Lair:7   | Noticed Snorg
 21431 | Lair:7   | Killed Snorg
 21432 | Lair:7   | Reached skill level 21 in Long Blades
 21764 | Lair:7   | Found a staircase to the Slime Pits.
 22089 | Lair:8   | Entered Level 8 of the Lair of Beasts
 22401 | Lair:8   | Got a transparent golden amulet
 22463 | Lair:8   | Reached skill level 22 in Long Blades
 23414 | Lair:8   | Identified the amulet "Ufailuffi" {+Rage rPois Int+3} (You found it on level 8 of the Lair of Beasts)
 23660 | D:9      | Bought the amulet "Diexot" {rCorr rC+ MR++ SInv} for 605 gold pieces
 23750 | Orc:1    | Entered Level 1 of the Orcish Mines
 24534 | Orc:1    | Found Wevehub's Magic Scroll Emporium.
 24732 | Orc:3    | Found Xasuosk's Assorted Antiques.
 24747 | Orc:3    | Found a staircase to the Elven Halls.
 24752 | Orc:3    | Bought a bloodstained chain mail for 275 gold pieces
 24752 | Orc:3    | Identified the +3 chain mail "Eruoxkil" {Int+6 Dex+2} (You bought it in a shop on level 3 of the Orcish Mines)
 24855 | Orc:3    | Noticed Donald
 24867 | Orc:3    | Killed Donald
 25178 | Orc:4    | Entered Level 4 of the Orcish Mines
 25251 | Orc:4    | Found a roughly hewn altar of Beogh.
 25549 | Orc:4    | Reached skill level 23 in Long Blades
 25750 | Orc:4    | Found a roughly hewn altar of Beogh.
 25750 | Orc:4    | Noticed Saint Roka
 25793 | Orc:3    | Killed Saint Roka
 25793 | Orc:3    | Reached XP level 16. HP: 32/143 MP: 12/22
 26477 | Orc:4    | Found Wiutuesm's General Store.
 26484 | Orc:4    | Found Etetafru's Antique Weapon Shop.
 26605 | Orc:4    | Found Moabbuna's Antique Armour Shop.
 26611 | Orc:4    | Bought an ancient scale mail for 270 gold pieces
 26611 | Orc:4    | Bought a pair of embroidered boots for 135 gold pieces
 26620 | Orc:4    | Found Azegouwki's Book Shop.
 26756 | D:12     | Identified the +8 scale mail of Reason {MR+ Dex+2} (You bought it in a shop on level 4 of the Orcish Mines)
 26821 | Elf:1    | Entered Level 1 of the Elven Halls
 26857 | Elf:1    | Noticed Aizul
 26878 | Elf:1    | Killed Aizul
 26909 | Elf:1    | Reached skill level 24 in Long Blades
 27321 | Elf:1    | Found a magical portal.
 27363 | WizLab   | Entered The Chambers of Lelacoops the Cloud Mage
 28009 | WizLab   | Noticed Lelacoops
 28042 | WizLab   | Killed Lelacoops the Cloud Mage
 28042 | WizLab   | Reached skill level 25 in Long Blades
 28074 | WizLab   | Identified the Grimoire of Feathers and Attacks
 28083 | WizLab   | Identified the Tome of the Ten Eyes
 28435 | Elf:1    | Found Fuxithruy's Gadget Emporium.
 29203 | Elf:1    | Cast into the Abyss (a Zot trap)
 29255 | Abyss:1  | Noticed a tentacled starspawn
 29261 | Abyss:1  | Killed a tentacled starspawn
 29331 | Abyss:1  | Found a corrupted altar of Lugonu.
 29527 | Abyss:1  | Gained mutation: Armour fits poorly on your strangely shaped body. [a cacodemon]
 29539 | Abyss:1  | Noticed a tentacled starspawn
 29551 | Abyss:1  | Killed a tentacled starspawn
 29595 | Abyss:1  | Noticed a tentacled starspawn
 29609 | Abyss:1  | Killed a tentacled starspawn
 29624 | Abyss:1  | Noticed a tentacled starspawn
 29633 | Abyss:1  | Killed a tentacled starspawn
 29633 | Abyss:1  | Reached XP level 17. HP: 105/149 MP: 23/23
 29655 | Abyss:1  | Reached skill level 26 in Long Blades
 29682 | Abyss:1  | Got a pitted ring mail
 30161 | Abyss:1  | Killed from afar by a raiju

Vault maps used:
D:1:      evilmike_arrival_run_for_it, minivault_19
D:2:      first_bread
D:3:      minitemple
D:4:      kennysheep_generic_room_7
D:5:      serial_shops, nicolae_shop_stone, cheibrodos_gnoll_hut
D:6:      gammafunk_temple_overflow_statue, serial_shops,
          nicolae_shop_temple_entry_statues_fountains, uniq_edmund
D:7:      minmay_temple_entry_mist, basic_altar
D:8:      minmay_cut_squares, hangedman_ru_absence, david_lair_generic
D:9:      gammafunk_temple_overflow_wave, serial_shops, shop, shop,
          nicolae_shop_behind_doors, nicolae_shop_window_shopping,
          kennysheep_little_box, serial_undead, serial_undead_e,
          serial_undead_c, serial_undead_b, serial_undead_d, serial_undead_c,
          serial_undead_d
D:10:     minmay_diamond_stairs, uniq_erica, uniq_joseph, uniq_urug,
          uniq_erolcha
D:11:     basic_altar, serial_shops, shop_statue, special_room,
          grunt_dithmenos_smoke
D:12:     david_orc_2, serial_shops, shop, minmay_nine_imps
D:13:     david_vaults_4, blue_anna_alchemist, kennysheep_small_circle
Temple:   circular_temple_pool_12
Lair:1:   eino_small_chamber_without_monster, serial_bayou_shore_b,
          grunt_megastairs_5
Lair:2:   grunt_forest_small_clearings, grunt_megastairs_2
Lair:3:   uniq_sonja, uniq_maud
Lair:5:   pond_and_an_island_with_a_cottage, swamp_mist_pool,
          nicolae_spider_entry_tight_spaces
Lair:6:   lemuel_old_faithful
Lair:7:   minmay_slime_entry_pillars, eino_house_with_fridge,
          lemuel_fruit_fields, uniq_snorg
Lair:8:   grunt_lair_end_beastmaster, st_stairs_9, serial_bayou_shore_b
Orc:1:    serial_shops, shop, sword_in_stone
Orc:3:    serial_shops, nicolae_shop_overgrown_old_shop,
          nicolae_orc_pool_cavern, uniq_donald
Orc:4:    grunt_orc_cross, mines2_david
Elf:1:    serial_shops, shop, infiniplex_enter_wizlab_water, minivault_28,
          uniq_aizul
Elf:2:    uniq_azrael
WizLab:   wizlab_cloud

Action                   |  1- 3 |  4- 6 |  7- 9 | 10-12 | 13-15 | 16-18 || total
-------------------------+-------+-------+-------+-------+-------+-------++-------
Melee: Long sword        |    88 |   139 |   511 |  1013 |   184 |       ||  1935
       Scimitar          |       |       |       |       |   946 |   654 ||  1600
Invok: Upheaval          |       |       |       |     3 |    11 |     2 ||    16
       Disaster Area     |       |       |       |       |     2 |       ||     2
       Elemental Force   |       |       |       |       |     1 |       ||     1
Evoke: Wand              |       |       |     3 |       |       |     1 ||     4
  Use: Scroll            |       |     7 |    15 |     8 |    12 |     4 ||    46
       Potion            |       |       |     3 |     9 |     4 |     4 ||    20
  Eat: Chunk             |     1 |     7 |    16 |    18 |    27 |     6 ||    75
       Beef jerky        |       |       |     1 |       |     2 |       ||     3
       Pizza             |       |       |       |     2 |       |       ||     2
       Meat ration       |       |       |       |       |     1 |     1 ||     2
       Fruit             |       |       |       |       |       |     3 ||     3
